[Event "42nd Olympiad Baku 2016 Open"]
[Site "Baku"]
[Date "2016.09.05"]
[Round "4.31"]
[White "Larrea, Manuel"]
[Black "Ble, Kouko Hubert"]
[Result "1-0"]
[ECO "C53"]
[WhiteElo "2279"]
[BlackElo "1918"]
[Annotator ""]
[PlyCount "111"]
[EventDate "2016.??.??"]
[EventCountry "AZE"]
[SourceTitle "playchess.com"]
[Source "ChessBase"]
[WhiteTeam "Uruguay"]
[BlackTeam "CIV"]
[WhiteTeamCountry "URU"]
[TimeControl "40/5400+30:1800+30"]

1. e4 {(00:00)} e5 {(00:00)} 2. Nf3 {(00:00)} Nc6 {
(00:00)} 3. Bc4 {(00:00)} Bc5 {(02:19)} 4. c3 {(00:
04)} Bb6 {(01:31)} 5. d4 {(00:29)} Qe7 {(00:27)} 6. O-O {
(02:07)} Nf6 {(00:37)} 7. Re1 {(02:37)} d6 {(00:26]
} 8. a4 {(02:24)} a6 {(00:09)} 9. h3 {(01:51)} O-O {
(00:33)} 10. Na3 {(03:40)} Nb8 {(16:24)} 11. Bd3 {(
15:58)} Nc6 {(11:25)} 12. Nc4 {(04:01)} Ba7 {(00:11)} 13.
Bc2 {(01:09)} Bd7 {(02:04)} 14. Bg5 {(06:11)} Rad8 {
(05:40)} 15. Ne3 {(01:13)} Be6 {(07:36)} 16. d5 {(
00:57)} Bd7 {(00:52)} 17. dxc6 {(00:20)} bxc6 {(00:01)}
18. Nh4 {(02:53)} Bxe3 {(01:31)} 19. Rxe3 {(01:52)} h6 {
(00:44)} 20. Bxf6 {(00:15)} Qxf6 {(00:01)} 21. Nf5 {
(00:21)} Kh8 {(04:05)} 22. Qh5 {(02:15)} Bxf5 {(04:
30)} 23. exf5 {(01:18)} a5 {(01:05)} 24. Rae1 {(00:41)}
Rb8 {(00:07)} 25. b3 {(00:11)} Rfe8 {(01:02)} 26. f4 {
(02:47)} e4 {(04:03)} 27. Rxe4 {(04:23)} Rxe4 {(00:
28)} 28. Rxe4 {(00:13)} c5 {(02:11)} 29. Qe2 {(00:25)}
Qxc3 {(15:12)} 30. f6 {(00:57)} gxf6 {(07:00)} 31. Rc4 {
(01:02)} Qg3 {(01:25)} 32. Qe4 {(02:45)} Qg7 {(02:
25)} 33. Rc3 {(01:29)} h5 {(04:22)} 34. Rg3 {(01:31)} Qh6
{(00:02)} 35. Kh2 {(01:51)} Rg8 36. Rxg8+ {(00:59)} Kxg8 {
(03:38)} 37. Qf5 {(00:13)} Kg7 {(00:16)} 38. Be4 {(
00:50)} h4 {(01:38)} 39. g4 {(02:33)} hxg3+ {(00:09)} 40.
Kxg3 {(00:00)} Qg6+ {(00:00)} 41. Qg4 {(01:15)} f5 {
(14:36)} 42. Bxf5 {(00:13)} Qxg4+ {(00:17)} 43. Kxg4 {
(00:16)} d5 {(00:09)} 44. Bd3 {(00:08)} Kf6 {(00:
22)} 45. h4 {(00:08)} c6 {(02:20)} 46. h5 {(00:05)} Kg7 {
(01:13)} 47. Kg5 {(00:07)} f6+ {(04:56)} 48. Kf5 {(
00:06)} Kh6 49. Kxf6 {(00:07)} Kxh5 {(05:47)} 50. Ke6 {(
00:09)} Kg4 {(00:40)} 51. f5 {(00:07)} Kf4 {(00:14)} 52.
f6 {(00:07)} Ke3 {(00:00)} 53. Ba6 {(00:20)} c4 {(
04:34)} 54. bxc4 {(00:09)} dxc4 {(00:19)} 55. f7 {(00:28)}
c3 {(00:07)} 56. f8=Q {(00:13)} 1-0

[Event "42nd Olympiad Baku 2016 Open"]
[Site "Baku"]
[Date "2016.09.05"]
[Round "4.12"]
[White "Latorre, Matias"]
[Black "Pultinevicius, Paulius"]
[Result "0-1"]
[ECO "E15"]
[WhiteElo "2318"]
[BlackElo "2351"]
[Annotator ""]
[PlyCount "102"]
[EventDate "2016.??.??"]
[EventCountry "AZE"]
[SourceTitle "playchess.com"]
[Source "ChessBase"]
[WhiteTeam "Paraguay"]
[BlackTeam "Lithuania"]
[WhiteTeamCountry "PAR"]
[BlackTeamCountry "LTU"]
[TimeControl "40/5400+30:1800+30"]

1. d4 {(00:00)} Nf6 {(00:00)} 2. c4 {(00:10)} e6 {(
00:00)} 3. Nf3 {(00:21)} b6 {(00:00)} 4. g3 {(00:46)} Ba6
{(00:53)} 5. Nbd2 {(00:40)} Bb4 {(06:17)} 6. Qa4 {(
00:09)} c5 {(01:05)} 7. a3 {(03:51)} Bxd2+ {(00:47)} 8.
Bxd2 {(00:07)} Bb7 {(08:55)} 9. dxc5 {(02:12)} bxc5 {
(02:10)} 10. Bg2 {(00:31)} O-O {(00:50)} 11. O-O {(
00:35)} Bc6 {(03:00)} 12. Qc2 {(09:05)} Be4 {(00:40)} 13.
Qc3 {(02:54)} d6 {(01:10)} 14. Rfd1 {(05:31)} Qb6 {
(04:51)} 15. Bf4 {(22:00)} d5 {(05:58)} 16. cxd5 {(
05:25)} exd5 {(01:15)} 17. b4 {(13:19)} c4 {(00:36)} 18.
Be3 {(02:36)} Qb7 {(00:44)} 19. Bd4 {(00:20)} Nbd7 {
(00:41)} 20. Bh3 {(00:27)} Bg6 {(11:29)} 21. Bxd7 {
(15:51)} Ne4 {(00:39)} 22. Qe3 {(01:09)} Qxd7 {(00:
34)} 23. Ne5 {(00:06)} Qb7 {(05:46)} 24. f3 {(01:26)} Nd6
{(00:34)} 25. Nxg6 {(00:53)} hxg6 {(00:35)} 26. Qc3 {
(00:29)} Nb5 {(00:53)} 27. Qc1 {(01:25)} Rfe8 {(00:
45)} 28. e3 {(00:43)} Nc7 {(03:38)} 29. Qc3 {(02:15)} Ne6
{(00:40)} 30. Kg2 {(01:40)} a6 {(01:25)} 31. Ra2 {(
00:20)} Qd7 {(01:26)} 32. h4 {(02:53)} a5 {(02:26)} 33.
bxa5 {(01:47)} Qa4 {(00:12)} 34. Qd2 {(02:44)} Rxa5 {
(00:52)} 35. Bc3 {(00:06)} Raa8 {(00:11)} 36. Bb4 {
(01:12)} Red8 {(01:13)} 37. Qe2 {(00:47)} d4 {(00:
33)} 38. exd4 {(00:25)} Nxd4 {(00:18)} 39. Qf1 {(00:50)}
Nf5 {(03:32)} 40. Rxd8+ {(00:00)} Rxd8 {(00:00)} 41. Qf2 {
(06:28)} Rd3 {(12:13)} 42. Rd2 {(20:42)} Ne3+ {(00:
13)} 43. Kg1 {(00:05)} Qb3 {(02:23)} 44. Qe1 {(03:53)} Nf5
{(02:09)} 45. Rxd3 {(00:30)} cxd3 {(00:40)} 46. Kf2 {
(00:43)} Qb2+ {(01:11)} 47. Bd2 {(01:04)} Qxa3 {(
01:18)} 48. g4 {(00:48)} Qc5+ {(05:55)} 49. Kf1 {(00:33)}
Nd6 {(01:51)} 50. Qe7 {(01:30)} Qd5 {(00:16)} 51. Ke1 {
(00:42)} Qxf3 {(00:16)} 0-1

[Event "42nd Olympiad Baku 2016 Open"]
[Site "Baku"]
[Date "2016.09.05"]
[Round "4.18"]
[White "Lau, Lut Yin Luke"]
[Black "Li Ying, Patrick"]
[Result "0-1"]
[ECO "B01"]
[WhiteElo "1994"]
[BlackElo "2131"]
[Annotator ""]
[PlyCount "116"]
[EventDate "2016.??.??"]
[EventCountry "AZE"]
[SourceTitle "playchess.com"]
[Source "ChessBase"]
[WhiteTeam "Hong Kong"]
[BlackTeam "Mauritius"]
[WhiteTeamCountry "HKG"]
[BlackTeamCountry "MRI"]
[TimeControl "40/5400+30:1800+30"]

1. e4 {(00:00)} d5 {(00:00)} 2. exd5 {(00:00)} Qxd5 {
(00:00)} 3. Nc3 {(00:00)} Qa5 {(00:00)} 4. Bc4 {(
00:34)} Nf6 {(00:00)} 5. h3 {(00:44)} e5 {(00:10)} 6. Nge2
{(00:43)} Bb4 {(05:34)} 7. O-O {(02:35)} O-O {(00:
12)} 8. d3 {(02:19)} Bf5 {(02:30)} 9. Ng3 {(06:46)} Bg6 {
(00:20)} 10. Bd2 {(00:25)} c6 {(03:05)} 11. a3 {(
00:39)} Bxc3 {(00:39)} 12. Bxc3 {(00:08)} Qc7 {(00:03)}
13. Re1 {(08:48)} Nbd7 {(00:13)} 14. Qf3 {(02:10)} Rfe8 {
(02:02)} 15. Bd2 {(15:07)} a5 {(21:36)} 16. h4 {(
14:38)} h5 {(06:28)} 17. Bg5 {(08:46)} b5 {(03:42)} 18.
Ba2 {(00:25)} c5 {(03:51)} 19. Rad1 {(05:35)} Rac8 {
(01:52)} 20. Nf5 {(05:31)} c4 {(09:26)} 21. dxc4 {(
06:34)} e4 {(00:09)} 22. Qh3 {(00:16)} Bxf5 {(01:36)} 23.
Qxf5 {(00:05)} bxc4 {(00:21)} 24. Qh3 {(08:02)} Ng4 {
(00:24)} 25. Be3 {(05:43)} Ndf6 {(00:55)} 26. b3 {(
02:23)} Nxe3 {(00:22)} 27. Rxe3 {(01:26)} Ng4 {(00:22)}
28. Re2 {(00:53)} Qc5 {(00:47)} 29. b4 {(02:38)} axb4 {
(00:10)} 30. axb4 {(00:07)} Qa7 {(00:50)} 31. c3 {(
00:46)} e3 {(00:06)} 32. fxe3 {(00:20)} Nxe3 {(00:19)} 33.
Rd4 {(00:41)} Ng4 {(00:24)} 34. Qf3 {(00:35)} Qc7 {
(02:43)} 35. Rxe8+ {(00:32)} Rxe8 {(00:07)} 36. g3 {
(00:14)} Qa7 {(02:03)} 37. Bxc4 {(00:44)} Re1+ {(
03:35)} 38. Kg2 {(00:33)} Qe7 {(05:59)} 39. Bf1 {(00:34)}
Ne3+ {(00:07)} 40. Kg1 {(00:00)} Rxf1+ {(00:00)} 41. Qxf1
{(00:32)} Nxf1 {(00:12)} 42. Kxf1 {(00:04)} Qe3 {(
00:10)} 43. Kg2 {(01:15)} Qxc3 {(00:07)} 44. Rf4 {(00:19)}
f6 {(00:12)} 45. Kh2 {(02:21)} g5 {(00:09)} 46. hxg5 {
(00:09)} fxg5 {(00:06)} 47. Rf2 {(00:41)} Qxb4 {(
00:07)} 48. Re2 {(00:40)} Kf7 {(00:16)} 49. Rc2 {(00:22)}
Kf6 {(00:14)} 50. Rf2+ {(00:45)} Ke5 {(00:13)} 51. Kg1 {
(01:07)} Qg4 {(00:21)} 52. Kh2 {(00:16)} h4 {(00:
22)} 53. gxh4 {(00:10)} Qxh4+ {(00:04)} 54. Kg1 {(00:05)}
g4 {(00:09)} 55. Re2+ {(00:16)} Kf4 {(00:10)} 56. Rf2+ {
(00:40)} Ke3 {(00:11)} 57. Rf8 {(00:27)} g3 {(00:
10)} 58. Re8+ {(01:08)} Kd2 {(00:22)} 0-1

[Event "42nd Olympiad Baku 2016 Open"]
[Site "Baku"]
[Date "2016.09.05"]
[Round "4.9"]
[White "Laurusas, Tomas"]
[Black "Delgado Ramirez, Neuris"]
[Result "0-1"]
[ECO "A50"]
[WhiteElo "2437"]
[BlackElo "2618"]
[Annotator ""]
[PlyCount "66"]
[EventDate "2016.??.??"]
[EventCountry "AZE"]
[SourceTitle "playchess.com"]
[Source "ChessBase"]
[WhiteTeam "Lithuania"]
[BlackTeam "Paraguay"]
[WhiteTeamCountry "LTU"]
[BlackTeamCountry "PAR"]
[TimeControl "40/5400+30:1800+30"]

1. d4 {(00:00)} Nf6 {(00:00)} 2. c4 {(00:00)} b6 {(
00:00)} 3. Nc3 {(14:08)} Bb7 {(00:27)} 4. Bg5 {(00:28)} e6
{(01:23)} 5. e3 {(00:50)} h6 {(00:43)} 6. Bh4 {(00:
19)} Bb4 {(03:10)} 7. Nge2 {(04:59)} O-O {(03:06)} 8. a3 {
(07:56)} Be7 {(00:46)} 9. Qc2 {(03:47)} c5 {(00:27]
} 10. Rd1 {(00:32)} a6 {(05:18)} 11. Bg3 {(11:48)} d6 {
(02:33)} 12. d5 {(07:09)} exd5 {(01:27)} 13. Nf4 {(
03:35)} d4 {(04:58)} 14. exd4 {(00:13)} Nc6 {(00:02)} 15.
dxc5 {(00:37)} bxc5 {(00:23)} 16. Bd3 {(02:08)} Nd4 {
(00:06)} 17. Qb1 {(01:14)} g5 {(01:54)} 18. Nfd5 {(
00:09)} Bxd5 {(03:48)} 19. cxd5 {(00:09)} Nh5 {(00:05)}
20. Bf5 {(02:18)} Rb8 {(01:11)} 21. O-O {(00:37)} Nxf5 {
(02:25)} 22. Qxf5 {(06:07)} Rxb2 {(01:48)} 23. Rb1 {
(00:03)} Rxb1 {(01:25)} 24. Rxb1 {(00:03)} Ng7 {(
03:58)} 25. Qd3 {(00:27)} f5 {(00:19)} 26. f3 {(01:11)}
Bf6 {(04:38)} 27. Rb7 {(02:56)} Qc8 {(04:06)} 28. Rb6 {
(05:25)} c4 {(00:20)} 29. Qd2 {(00:08)} Qc5+ {(00:
12)} 30. Bf2 {(00:05)} Qxa3 {(00:20)} 31. Bd4 {(00:04)}
Bxd4+ {(01:19)} 32. Qxd4 {(00:09)} Qc1+ {(00:11)} 33. Kf2
{(00:10)} Re8 {(01:18)} 0-1

[Event "42nd Olympiad Baku 2016 Open"]
[Site "Baku"]
[Date "2016.09.05"]
[Round "4.10"]
[White "Laznicka, Viktor"]
[Black "Nakamura, Hikaru"]
[Result "1/2-1/2"]
[ECO "A06"]
[WhiteElo "2651"]
[BlackElo "2789"]
[Annotator ""]
[PlyCount "80"]
[EventDate "2016.??.??"]
[EventCountry "AZE"]
[SourceTitle "playchess.com"]
[Source "ChessBase"]
[WhiteTeam "Czech Republic"]
[BlackTeam "United States"]
[WhiteTeamCountry "CZE"]
[BlackTeamCountry "USA"]
[TimeControl "40/5400+30:1800+30"]

1. Nf3 {(00:00)} d5 {(00:00)} 2. g3 {(00:00)} Nf6 {
(00:00)} 3. Bg2 {(00:00)} e6 {(00:15)} 4. O-O {(00:
23)} Be7 {(00:04)} 5. c4 {(01:01)} O-O {(00:05)} 6. d4 {
(00:43)} dxc4 {(00:04)} 7. Qc2 {(00:35)} a6 {(00:
05)} 8. a4 {(00:53)} Bd7 {(00:54)} 9. Rd1 {(01:16)} Bc6 {
(00:25)} 10. Nc3 {(00:07)} Bxf3 {(00:11)} 11. Bxf3 {
(00:06)} Nc6 {(00:04)} 12. Bxc6 {(00:47)} bxc6 {(
00:06)} 13. a5 {(00:09)} Rb8 {(01:23)} 14. Ra4 {(00:23)}
Rb4 {(01:33)} 15. Na2 {(00:38)} Rxa4 {(01:14)} 16. Qxa4 {
(00:07)} Qb8 {(01:29)} 17. Qxc4 {(00:23)} Qb7 {(00:
08)} 18. Rd3 {(04:28)} Rb8 {(01:08)} 19. b4 {(00:36)} Qb5
{(03:15)} 20. Qxb5 {(04:27)} Rxb5 {(08:53)} 21. Rc3 {
(10:53)} Nd5 {(16:19)} 22. Rxc6 {(01:58)} Nxb4 {(
01:11)} 23. Rxc7 {(18:01)} Nxa2 {(00:05)} 24. Rxe7 {(00:
06)} h6 {(00:02)} 25. Bd2 {(29:58)} Rb2 {(00:06)} 26. Be1
{(02:44)} Rxe2 {(01:36)} 27. Kf1 {(00:07)} Rc2 {(
00:09)} 28. Rd7 {(01:57)} Rc4 {(24:58)} 29. d5 {(06:59)}
exd5 {(00:09)} 30. Rxd5 {(00:15)} Nb4 {(00:03)} 31. Bxb4 {
(04:00)} Rxb4 {(00:28)} 32. Rd6 {(00:02)} Ra4 {(00:
32)} 33. Rxa6 {(00:08)} Ra2 {(00:01)} 34. Kg2 {(05:04)} g5
{(03:56)} 35. Kf3 {(04:18)} h5 {(05:29)} 36. h3 {(
01:26)} Kg7 {(00:16)} 37. Ra8 {(00:54)} Ra4 {(07:31)} 38.
a6 {(00:28)} h4 {(00:33)} 39. gxh4 {(02:25)} gxh4 {
(04:05)} 40. a7 {(00:00)} Kf6 {(00:00)} 1/2-1/2

[Event "42nd Olympiad Baku 2016 Open"]
[Site "Baku"]
[Date "2016.09.05"]
[Round "4.6"]
[White "Leitao, Rafael"]
[Black "Bogner, Sebastian"]
[Result "1/2-1/2"]
[ECO "D37"]
[WhiteElo "2616"]
[BlackElo "2559"]
[Annotator ""]
[PlyCount "124"]
[EventDate "2016.??.??"]
[EventCountry "AZE"]
[SourceTitle "playchess.com"]
[Source "ChessBase"]
[WhiteTeam "Brazil"]
[BlackTeam "Switzerland"]
[WhiteTeamCountry "BRA"]
[BlackTeamCountry "SUI"]
[TimeControl "40/5400+30:1800+30"]

1. d4 {(00:00)} Nf6 {(00:00)} 2. c4 {(00:00)} e6 {(
00:00)} 3. Nf3 {(01:00)} d5 {(00:00)} 4. Nc3 {(00:53)} Be7
{(00:00)} 5. Bf4 {(01:52)} O-O {(00:09)} 6. e3 {(
02:17)} c5 {(00:58)} 7. dxc5 {(01:50)} Bxc5 {(00:17)} 8.
a3 {(03:49)} Nc6 {(00:47)} 9. Bd3 {(10:48)} dxc4 {(
06:36)} 10. Bxc4 {(02:59)} Qxd1+ {(17:22)} 11. Rxd1 {(00:
08)} b6 {(05:05)} 12. e4 {(14:13)} e5 {(04:24)} 13. Bg5 {
(02:48)} Be6 {(12:59)} 14. Bd5 {(08:02)} Rac8 {(03:
46)} 15. Bxc6 {(08:43)} Rxc6 {(00:02)} 16. Nxe5 {(00:20)}
Rc7 {(00:15)} 17. Bxf6 {(15:26)} gxf6 {(00:17)} 18. Nd3 {
(00:47)} Bd4 {(11:59)} 19. Nb5 {(03:42)} Rd7 {(00:
01)} 20. Nf4 {(09:51)} Bxb2 {(00:48)} 21. Nxe6 {(00:11)}
Rxd1+ {(00:04)} 22. Kxd1 {(00:04)} fxe6 {(00:05)} 23. Kc2
{(00:16)} Be5 {(00:03)} 24. Nxa7 {(01:05)} f5 {(00:
01)} 25. Kd3 {(03:17)} Rd8+ {(24:40)} 26. Ke2 {(00:29)}
Rd4 {(01:19)} 27. exf5 {(00:19)} Re4+ {(00:12)} 28. Kd3 {
(00:44)} Rd4+ {(00:20)} 29. Ke2 {(00:26)} Re4+ {(
00:01)} 30. Kf3 {(00:49)} exf5 {(00:05)} 31. Nb5 {(01:00)}
Kf7 {(02:22)} 32. Rc1 {(01:34)} Ke6 {(02:09)} 33. g3 {
(02:15)} Kd7 {(01:32)} 34. Rc2 {(01:52)} Ra4 {(01:
11)} 35. Re2 {(00:07)} Bb8 {(03:25)} 36. Rd2+ {(00:38)}
Ke7 {(01:47)} 37. Rd4 {(00:47)} Ra5 {(00:37)} 38. a4 {
(00:05)} Ke6 {(01:00)} 39. Rh4 {(02:01)} Be5 {(00:
54)} 40. Ke3 {(00:00)} h5 {(00:00)} 41. Kd3 {(06:33)} f4 {
(05:44)} 42. gxf4 {(02:19)} Bf6 {(00:32)} 43. f5+ {
(02:22)} Kxf5 {(00:21)} 44. Re4 {(01:38)} Be5 {(00:
45)} 45. h3 {(09:04)} Ra8 {(00:19)} 46. Nd4+ {(02:13)} Kf6
{(04:24)} 47. f4 {(03:39)} Bxd4 {(00:03)} 48. Rxd4 {
(00:05)} Re8 {(05:28)} 49. Rd6+ {(01:42)} Kf5 {(00:
27)} 50. Rd5+ {(00:04)} Kxf4 {(01:13)} 51. Rxh5 {(00:06)}
Re1 {(02:16)} 52. Kc4 {(00:25)} Rb1 {(01:45)} 53. Rb5 {
(00:25)} Rc1+ {(01:23)} 54. Kd5 {(00:32)} Rd1+ {(
08:04)} 55. Kc6 {(00:12)} Rd4 {(00:01)} 56. Rh5 {(00:11)}
Ke3 {(00:01)} 57. Kb5 {(00:09)} Kd3 {(00:01)} 58. Rg5 {
(02:56)} Rh4 59. Rg3+ {(01:25)} Kc2 {(02:58)} 60. Rg4 {
(02:11)} Rh6 {(00:01)} 61. h4 {(00:37)} Kc3 {(00:
41)} 62. h5 {(02:17)} Rxh5+ {(00:02)} 1/2-1/2

[Event "42nd Olympiad Baku 2016 Open"]
[Site "Baku"]
[Date "2016.09.05"]
[Round "4.30"]
[White "Lenic, Luka"]
[Black "Markus, Robert"]
[Result "1-0"]
[ECO "E83"]
[WhiteElo "2622"]
[BlackElo "2662"]
[Annotator ""]
[PlyCount "103"]
[EventDate "2016.??.??"]
[EventCountry "AZE"]
[SourceTitle "playchess.com"]
[Source "ChessBase"]
[WhiteTeam "Slovenia"]
[BlackTeam "Serbia"]
[WhiteTeamCountry "SLO"]
[BlackTeamCountry "SRB"]
[TimeControl "40/5400+30:1800+30"]

1. d4 {(00:00)} Nf6 {(00:00)} 2. c4 {(00:00)} g6 {(
00:00)} 3. Nc3 {(00:00)} Bg7 {(00:00)} 4. e4 {(00:22)} d6
{(00:00)} 5. f3 {(00:38)} O-O {(00:00)} 6. Be3 {(
00:03)} Nc6 {(00:05)} 7. Qd2 {(00:11)} e5 {(02:15)} 8. d5
{(04:37)} Nd4 {(03:17)} 9. Nge2 {(00:35)} Nxe2 {(
00:13)} 10. Bxe2 {(00:05)} Nh5 {(01:07)} 11. O-O-O {(07:
50)} f5 {(04:49)} 12. Kb1 {(01:30)} Qe7 {(08:18)} 13. exf5
{(13:21)} gxf5 {(00:19)} 14. g3 {(00:41)} Bd7 {(09:
22)} 15. Bd3 {(07:54)} Rae8 {(07:14)} 16. Bc2 {(02:12)} a6
{(09:10)} 17. Bg5 {(04:30)} Qf7 {(05:31)} 18. Rhg1 {
(08:07)} Kh8 {(07:59)} 19. g4 {(06:08)} Nf4 {(02:
49)} 20. gxf5 {(02:24)} Bxf5 {(09:44)} 21. Bxf5 {(12:26)}
Qxf5+ {(00:07)} 22. Ne4 {(00:08)} Nh3 {(10:39)} 23. Rg3 {
(00:04)} Nf2 {(01:44)} 24. Re1 {(05:47)} Nxe4 {(00:
39)} 25. fxe4 {(00:13)} Qf2 {(01:12)} 26. Rg2 {(05:42)}
Qf3 {(02:32)} 27. Rg3 {(02:44)} Qf2 {(00:35)} 28. Rg2 {
(00:04)} Qf3 {(00:04)} 29. Qc2 {(02:10)} Rf7 {(05:
27)} 30. Reg1 {(01:31)} Ref8 {(00:48)} 31. Bc1 {(00:36)}
Qh5 {(05:57)} 32. Rg5 {(02:07)} Qf3 {(01:02)} 33. R5g3 {
(02:12)} Qh5 {(00:26)} 34. a3 {(01:57)} h6 {(01:10]
} 35. Ka2 {(01:23)} Rf2 {(01:41)} 36. Qa4 {(03:45)} R2f7 {
(00:09)} 37. Qc2 {(00:25)} Rf2 {(00:15)} 38. Qa4 {(
02:43)} R2f7 {(00:04)} 39. Qb3 {(00:12)} Qxh2 {(01:00)}
40. Qxb7 {(00:00)} Qe2 {(00:00)} 41. Qxa6 {(07:35)} Qxe4 {
(01:31)} 42. Qa4 {(00:32)} Rb8 {(09:45)} 43. Rg4 {(
04:24)} Qf5 {(03:25)} 44. Qa7 {(01:38)} Rbf8 {(04:40)} 45.
Qe3 {(00:42)} Rb8 {(02:22)} 46. Qg3 {(03:22)} Qh7 {
(01:24)} 47. Rg6 {(00:42)} e4 {(00:29)} 48. Rg2 {(
03:26)} h5 {(01:54)} 49. b4 {(06:53)} Rbf8 {(05:02)} 50.
Rxg7 {(03:29)} Rxg7 {(00:07)} 51. Bb2 {(00:04)} Rff7 {
(03:24)} 52. Qh4 {(00:41)} 1-0

[Event "42nd Olympiad Baku 2016 Open"]
[Site "Baku"]
[Date "2016.09.05"]
[Round "4.24"]
[White "Liew, Chee-Meng Jimmy"]
[Black "Leon, Orlando"]
[Result "1-0"]
[ECO "D15"]
[WhiteElo "2202"]
[BlackElo "2060"]
[Annotator ""]
[PlyCount "55"]
[EventDate "2016.??.??"]
[EventCountry "AZE"]
[SourceTitle "playchess.com"]
[Source "ChessBase"]
[WhiteTeam "MAS"]
[BlackTeam "PAN"]
[WhiteTeamCountry "MAS"]
[BlackTeamCountry "ESP"]
[TimeControl "40/5400+30:1800+30"]

1. d4 {(00:00)} d5 {(00:00)} 2. c4 {(00:00)} c6 {(
00:00)} 3. Nf3 {(00:50)} Nf6 {(00:00)} 4. Nc3 {(00:21)} a6
{(00:00)} 5. e3 {(01:07)} Bf5 {(00:01)} 6. Nh4 {(
06:08)} Bg6 {(06:18)} 7. Nxg6 {(04:25)} hxg6 {(00:02)} 8.
Qb3 {(01:22)} Ra7 {(00:19)} 9. Bd3 {(02:44)} e6 {(
00:14)} 10. O-O {(11:11)} Bd6 {(05:20)} 11. f4 {(03:02)}
g5 {(05:09)} 12. cxd5 {(15:22)} cxd5 {(01:59)} 13. e4 {
(05:07)} dxe4 {(03:48)} 14. Nxe4 {(00:14)} Bc7 {(
04:21)} 15. Nxg5 {(03:08)} Qxd4+ {(01:27)} 16. Kh1 {(00:
13)} Ng4 {(01:47)} 17. h3 {(03:23)} Nf2+ {(00:27)} 18.
Rxf2 {(00:35)} Qxf2 {(00:03)} 19. Be3 {(06:20)} Qg3 {
(02:14)} 20. Rf1 {(14:34)} Nc6 {(20:39)} 21. Bxa7 {
(08:17)} Bxf4 {(02:29)} 22. Rxf4 {(00:16)} Qxf4 {(
00:03)} 23. Qxb7 {(01:53)} Nxa7 {(03:30)} 24. Qa8+ {(00:
37)} Ke7 {(00:55)} 25. Qxa7+ {(00:08)} Kf6 {(00:16)} 26.
Qxf7+ {(00:55)} Kxg5 {(00:03)} 27. Qxg7+ {(00:08)} Kh4 {
(00:27)} 28. g3+ {(03:08)} 1-0

[Event "42nd Olympiad Baku 2016 Open"]
[Site "Baku"]
[Date "2016.09.05"]
[Round "4.3"]
[White "Linster, Philippe"]
[Black "Damaso, Rui"]
[Result "1-0"]
[ECO "A17"]
[WhiteElo "2233"]
[BlackElo "2444"]
[Annotator ""]
[PlyCount "105"]
[EventDate "2016.??.??"]
[EventCountry "AZE"]
[SourceTitle "playchess.com"]
[Source "ChessBase"]
[WhiteTeam "Luxembourg"]
[BlackTeam "Portugal"]
[WhiteTeamCountry "LUX"]
[BlackTeamCountry "POR"]
[TimeControl "40/5400+30:1800+30"]

1. c4 {(00:00)} b6 {(00:25)} 2. Nc3 {(00:00)} e6 {(
04:36)} 3. e4 {(00:21)} Bb7 {(00:33)} 4. Nf3 {(00:28)} Nf6
{(01:11)} 5. Bd3 {(17:07)} c5 {(04:11)} 6. e5 {(09:
54)} Ng4 {(09:34)} 7. h3 {(07:23)} Bxf3 {(06:22)} 8. Qxf3
{(00:14)} Nxe5 {(00:06)} 9. Qxa8 {(00:17)} Nxd3+ {(
00:05)} 10. Ke2 {(02:19)} Nb4 {(10:06)} 11. d3 {(19:22)}
Be7 {(21:18)} 12. Bf4 {(03:59)} d6 {(00:24)} 13. Qxa7 {
(05:11)} N8c6 {(02:30)} 14. Qa4 {(00:24)} O-O {(00:
43)} 15. Rhd1 {(02:35)} Bg5 {(16:45)} 16. Bxg5 {(06:00)}
Qxg5 {(00:26)} 17. a3 {(07:44)} Qxg2 {(09:25)} 18. Nb5 {
(04:36)} Ne5 {(06:43)} 19. axb4 {(00:25)} Qf3+ {(
00:10)} 20. Kd2 {(03:29)} d5 {(01:58)} 21. bxc5 {(03:03)}
dxc4 {(01:03)} 22. Kc2 {(03:21)} Qxf2+ {(00:52)} 23. Kb1 {
(00:38)} Nxd3 {(00:06)} 24. Qc2 {(00:35)} Qxc5 {(
00:19)} 25. Na3 {(00:47)} Ne5 {(00:55)} 26. Qc3 {(00:49)}
f6 {(00:49)} 27. Nc2 {(00:34)} b5 {(01:16)} 28. Qd4 {
(00:28)} Qc6 {(00:32)} 29. Ra7 {(00:32)} Qe8 30. Qd6 {
(01:19)} h6 {(01:01)} 31. Rg1 {(00:29)} g5 {(00:11]
} 32. Nd4 {(00:19)} Qg6+ {(00:50)} 33. Ka1 {(00:25)} c3 {
(00:08)} 34. Qxe6+ {(00:22)} Kh8 {(00:15)} 35. Qf5 {
(01:22)} cxb2+ {(00:15)} 36. Kxb2 {(00:05)} Qg8 {(
00:09)} 37. Ne6 {(00:43)} Nc4+ {(00:36)} 38. Kc1 {(00:44)}
Nd6 {(01:08)} 39. Qh7+ {(00:31)} Qxh7 {(00:05)} 40. Rxh7+
{(00:00)} Kxh7 {(00:00)} 41. Nxf8+ {(00:02)} Kg7 {(
00:17)} 42. Ne6+ {(00:39)} Kf7 {(00:06)} 43. Nd4 {(00:14)}
h5 {(00:18)} 44. Kc2 {(00:32)} Kg6 {(01:46)} 45. Kd3 {
(01:26)} f5 {(09:23)} 46. Re1 {(05:38)} Ne4 {(00:
52)} 47. Ke3 {(00:40)} b4 {(04:07)} 48. Ra1 {(01:50)} Nc5
{(01:44)} 49. Ra5 {(01:37)} f4+ {(00:26)} 50. Kf3 {
(00:45)} Nd3 {(00:04)} 51. Ra6+ {(00:17)} Kf7 {(00:
07)} 52. Rb6 {(02:51)} Ke7 {(01:30)} 53. Nc2 {(04:01)} 1-0